 Dungeon Crawl Stone Soup version 0.26-a0-1213-gd52f5182fe (webtiles) character file.

Game seed: 7029810186170356361

955 tilp the Skirmisher (level 8, 0/87 HPs)
             Began as an Ogre Abyssal Knight on Dec 30, 2020.
             Was a Believer of Lugonu.
             Succumbed to an adder's poison
             ... on level 5 of the Dungeon.
             The game lasted 00:09:13 (7016 turns).

tilp the Skirmisher (Ogre Abyssal Knight)           Turns: 7016, Time: 00:09:14

Health: 0/87       AC:  4    Str: 17    XL:     8   Next: 14%
Magic:  11/11      EV:  6    Int: 21    God:    Lugonu [**....]
Gold:   257        SH: 11    Dex:  8    Spells: 7/7 levels left

rFire    + . .     SeeInvis .   b - +3 hand axe of Generosity {freeze, *Rage Will++ Int+6} (curse)
rCold    + + .     Faith    .   s - +1 tower shield {rC+}
rNeg     . . .     Spirit   .   v - +0 robe
rPois    +         Reflect  .   p - +1 hat
rElec    +         Harm     .   (no cloak)
rCorr    +         Rampage  .   (gloves unavailable)
Will     ++...     Rnd*Rage +   (boots unavailable)
Stlth    +.........             (no amulet)
HPRegen  0.24/turn              o - ring of poison resistance
MPRegen  0.12/turn              (no ring)

@: brilliant, lethally poisoned (0 -> -2), resistant
A: large, unfitting armour, tough skin 1
a: Renounce Religion, Depart the Abyss, Bend Space


You were on level 5 of the Dungeon.
You worshipped Lugonu.
Lugonu was pleased with you.
You visited 1 branch of the dungeon, and saw 8 of its levels.
You visited the Abyss 1 time.

You collected 257 gold pieces.

Inventory:

Hand Weapons
 a - a +2 mace
 b - the cursed +3 hand axe of Generosity (weapon) {freeze, *Rage Will++ Int+6}
   (You found it on level 7 of the Dungeon)

   It has been specially enchanted to freeze those struck by it, causing extra
   injury to most foes and up to half again as much damage against particularly
   susceptible opponents.
   It can also slow down cold-blooded creatures.
   It affects your intelligence (+6).
   It affects your willpower, your defense against some magical effects.
   It may make you go berserk in combat.
   It has a curse placed upon it.
 t - a +0 giant club
 w - a +0 flail
Missiles
 d - 65 stones (quivered)
Armour
 p - a +1 hat (worn)
 s - a +1 tower shield of cold resistance (worn)
 v - a +0 robe (worn)
Magical Staves
 u - an uncursed staff of conjuration {unknown}
Jewellery
 e - an uncursed amulet of magic regeneration
 o - a ring of poison resistance (left hand)
Scrolls
 j - 4 scrolls of teleportation {unknown}
 k - 6 scrolls of remove curse
 l - a scroll of enchant weapon
 q - a scroll of blinking
Potions
 c - 2 potions of attraction
 g - 2 potions of lignification
 h - a potion of flight
 i - 2 potions of might
 r - a potion of ambrosia {unknown}
 x - a potion of berserk rage {unknown}


   Skills:
 + Level 7.1 Fighting
 + Level 4.4 Maces & Flails
 + Level 4.6 Dodging
 + Level 5.2 Invocations


You had 7 spell levels left.
You didn't know any spells.
Your spell library was empty.

Dungeon Overview and Level Annotations

Branches:
Dungeon (8/15)             Temple (0/1) D:4
   Lair: D:8-11

Altars:
Ashenzari
Elyvilon
Hepliaklqana
Kikubaaqudgha
Nemelex Xobeh
Qazlal
Trog
Uskayaw
Xom
Zin

Annotations:
D:7 exclusions: 2 doors and scorpion


Innate Abilities, Weirdness & Mutations

You are too large for most types of armour.
You have tough skin. (AC +1)


Message History

You closely miss the adder.
The adder is moderately wounded.
You block the adder's attack. The adder bites you.
* * * LOW HITPOINT WARNING * * *
Unknown command.
You completely miss the adder.
The adder is moderately wounded.
You block the adder's attack. The adder bites you.
* * * LOW HITPOINT WARNING * * *
You are lethally poisoned!
The adder poisons you!
Unknown command.
It was a potion of brilliance.
You feel clever all of a sudden.
* * * LOW HITPOINT WARNING * * *
You feel sick. You block the adder's attack.
Unknown command.
It was a potion of resistance.
You feel protected.
You die...

###### ......
####### #......
#.#.... #######
#.#.###
.##.....##########
#......
........OS@......#
###.###
###..^..########.#
#.# ####### #.#
#.# #.# #.# #.#
#.# #.# #.#
#.######.###
#........)..
##############.###


You could see an ogre and an adder.

Vanquished Creatures
  Eustachio (D:5)
  Duvessa (D:6)
  A phantom (D:6)
  A centaur (D:7)
  An ogre (D:7)
  Dowan (D:6)
  A killer bee (D:7)
  A howler monkey (D:4)
  A centaur skeleton (D:5)
  An orc priest (D:4)
  Natasha (thrice) (D:2)
  A worker ant zombie (D:7)
  Robin (D:2)
  A howler monkey skeleton (D:4)
  5 adders
  An ooze (D:2)
  An adder zombie (D:5)
  3 worms
  A dart slug (D:1)
  6 leopard geckos
  2 orcs
  6 giant cockroaches
  10 hobgoblins
  13 jackals
  4 quokkas
  8 bats
  7 frilled lizards
  A giant cockroach zombie (D:5)
  14 goblins
  9 kobolds
  A quokka zombie (D:5)
  8 rats
116 creatures vanquished.

Vanquished Creatures (others)
  An iguana (D:7)
1 creature vanquished.

Grand Total: 117 creatures vanquished

Notes
Turn   | Place    | Note
-------+----------+-------------------------------------------
     0 | Abyss:1  | tilp the Ogre Abyssal Knight began the quest for the Orb.
     0 | Abyss:1  | Reached XP level 1. HP: 24/24 MP: 2/2
    58 | D:1      | Escaped the Abyss
   389 | D:1      | Reached XP level 2. HP: 10/32 MP: 3/3
   664 | D:1      | Reached * piety under Lugonu
   791 | D:1      | Reached XP level 3. HP: 40/40 MP: 4/4
  1320 | D:2      | You fall into a shaft and drop 1 floor!
  1473 | D:3      | You fall into a shaft and drop 1 floor!
  1587 | D:2      | Reached XP level 4. HP: 21/49 MP: 6/6
  2254 | D:2      | Noticed Natasha
  2262 | D:2      | Killed Natasha
  2292 | D:2      | Noticed Natasha
  2455 | D:2      | Reached ** piety under Lugonu
  2627 | D:2      | Reached skill level 5 in Fighting
  2861 | D:2      | Found an ancient bone altar of Kikubaaqudgha.
  2862 | D:2      | Found a hazy altar of Hepliaklqana.
  2862 | D:2      | Found a bloodstained altar of Trog.
  2862 | D:2      | Found a hide-covered altar of Uskayaw.
  2863 | D:2      | Found a white marble altar of Elyvilon.
  2865 | D:2      | Found a sparkling altar of Nemelex Xobeh.
  2868 | D:2      | Reached XP level 5. HP: 57/57 MP: 7/7
  2869 | D:2      | Found a stormy altar of Qazlal.
  2939 | D:2      | Killed Natasha
  3400 | D:2      | Noticed Robin
  3419 | D:2      | Killed Robin
  3616 | D:2      | Noticed Natasha
  3624 | D:2      | Killed Natasha
  4080 | D:3      | Found a faded altar of an unknown god.
  4304 | D:3      | Reached XP level 6. HP: 66/66 MP: 8/8
  4975 | D:4      | Found a staircase to the Ecumenical Temple.
  5242 | D:4      | Found a broken altar of Ashenzari.
  5323 | D:4      | You fall into a shaft and drop 3 floors!
  5457 | D:7      | Found a glowing silver altar of Zin.
  5457 | D:7      | Noticed an angel
  5459 | D:7      | Found a shimmering altar of Xom.
  5469 | D:7      | Reached skill level 6 in Fighting
  5735 | D:7      | Reached XP level 7. HP: 33/75 MP: 10/10
  5960 | D:7      | Got a shimmering hand axe
  6289 | D:6      | Identified the cursed +3 hand axe of Generosity {freeze,
                  | *Rage Will++ Int+6} (You found it on level 7 of the
                  | Dungeon)
  6589 | D:5      | Entered Level 5 of the Dungeon
  6589 | D:5      | Noticed Duvessa
  6589 | D:5      | Noticed Dowan
  6602 | D:6      | Killed Duvessa
  6605 | D:6      | Killed Dowan
  6813 | D:5      | Reached skill level 5 in Invocations
  6854 | D:5      | Noticed Eustachio
  6872 | D:5      | Killed Eustachio
  6873 | D:5      | Reached skill level 7 in Fighting
  6873 | D:5      | Reached XP level 8. HP: 87/87 MP: 11/11
  7014 | D:5      | HP: 2/87 [adder (3)]
  7016 | D:5      | Succumbed to an adder's poison

Illustrated notes

Levels and vault maps discovered:
D:1:      ebering_trefoil_3fold, layout_basic
D:2:      layout_loops_corners, minitemple, kennysheep_cross_room,
          minmay_split_cup_small, uniq_natasha, uniq_robin
D:3:      layout_basic, chequers_ecumenical_altar_simple
D:4:      layout_loops_corners, kennysheep_mini_moat,
          minmay_temple_entry_proselytizer, chequers_arboretum
D:5:      layout_basic, uniq_eustachio, uniq_grinder, uniq_duvessa
D:6:      layout_cave_pods, uniq_maggie, uniq_sigmund
D:7:      layout_loops_ring, grunt_temple_overflow_order_and_chaos_1,
          kennysheep_generic_room_4
D:8:      layout_layer_cave, lair_entry_dummy, jiyva_altar_1, uniq_pikel

Skill      XL: |  1  2  3  4  5  6  7 |
---------------+----------------------+-----
Maces & Flails | 2 3 4 |  4.4
Invocations    | 3 4 5 |  5.2
Fighting       | 5 6 7 |  7.1
Dodging        | 3 4 |  4.6

Action                   |  1- 3 |  4- 6 |  7- 9 || total
-------------------------+-------+-------+-------++-------
Melee: Mace              |   138 |   252 |    21 ||   411
       Hand axe          |       |       |    68 ||    68
Throw: Stone             |     7 |     5 |     5 ||    17
Invok: Depart the Abyss  |     1 |       |       ||     1
  Use: Potion            |     1 |       |     3 ||     4
       Scroll            |       |     8 |     1 ||     9
 Stab: Sleeping          |       |     1 |       ||     1
Armor: Robe              |    54 |    75 |    18 ||   147
Dodge: Dodged            |    95 |   136 |    15 ||   246
Block: Tower shield      |       |    11 |    60 ||    71

Table legend: (Time is in decaauts)
 A = Elapsed time spent in this place.
 B = Non-inter-level travel time spent in this place.
 C = Inter-level travel time spent in this place.
 D = Time resting spent in this place.
 E = Time spent auto-exploring this place.
 F = Levels seen in this place.
 G = Mean time per level.
                   A        B        C        D        E       F      G
               +--------+--------+--------+--------+--------+-----+--------+
         Total |   7185 |   6923 |    262 |   2317 |   2956 |   9 |  798.3 |
       Dungeon |   7127 |   6865 |    262 |   2317 |   2900 |   8 |  890.9 |
         Abyss |     58 |     58 |      0 |      0 |     56 |   1 |   58.0 |
               +--------+--------+--------+--------+--------+-----+--------+

Top non-repeatable levels by time:
     D:2: 2634 daAuts
     D:1: 1224 daAuts
     D:7: 967 daAuts
     D:4: 773 daAuts
     D:3: 744 daAuts
     D:6: 486 daAuts
     D:5: 295 daAuts
 Abyss:1: 58 daAuts
     D:8: 1 daAuts
